 Dungeon Crawl Stone Soup version 0.27-a0-1202-ge72e49191c (webtiles) character file.

Game seed: 10828410247137756029

1487 Ijustatesigmund the Chopper (level 8, -1/64 HPs)
             Began as a Demonspawn Fighter on June 2, 2021.
             Slain by a boulder beetle (4 damage)
             ... on level 6 of the Dungeon.
             The game lasted 00:09:50 (5047 turns).

Ijustatesigmund the Chopper (Demonspawn Fighter)    Turns: 5047, Time: 00:09:52

Health: -1/64      AC: 17    Str: 18    XL:     8   Next: 50%
Magic:  8/8        EV:  7    Int:  9    God:
Gold:   212        SH:  9    Dex: 20    Spells: 7/7 levels left

rFire    + + .     SeeInvis .   a - +1 war axe
rCold    x . .     Faith    .   c - +0 kite shield
rNeg     . . .     Spirit   .   h - +3 fire dragon scales
rPois    .         Reflect  .   l - +0 helmet
rElec    .         Harm     .   (no cloak)
rCorr    .         Rampage  .   (no gloves)
Will     .....                  (no boots)
Stlth    ..........             (no amulet)
HPRegen  0.20/turn              e - +6 ring of dexterity
MPRegen  0.11/turn              f - ring of wizardry

@: on berserk cooldown, slowed, very slow
A: hooves 1, icy blue scales 2
a: no special abilities


You were on level 6 of the Dungeon.
You visited 1 branch of the dungeon, and saw 6 of its levels.

You collected 212 gold pieces.

Inventory:

Hand Weapons
 a - a +1 war axe (weapon)
Armour
 c - a +0 kite shield (worn)
 h - +3 fire dragon scales (worn)
 l - a +0 helmet (worn)
Jewellery
 e - a +6 ring of dexterity (left hand)
 f - a ring of wizardry (right hand)
 g - a ring of wizardry
Wands
 i - a wand of iceblast (2)
 m - a wand of digging (14)
 o - a wand of flame (12)
 q - a wand of polymorph (3)
Scrolls
 d - 2 scrolls of identify
 p - a scroll of blinking
 r - 2 scrolls of fear
Potions
 b - 2 potions of mutation
 j - 2 potions of lignification
 k - a potion of berserk rage
 s - 2 potions of might
 t - 2 potions of attraction
 u - a potion of ambrosia


   Skills:
 + Level 6.1 Fighting
 * Level 7.1 Axes
 + Level 5.0 Armour
 - Level 1.7 Dodging
 - Level 2.6 Shields


You had 7 spell levels left.
You didn't know any spells.
Your spell library contained the following spells:

 Spells                   Type           Power      Damage    Failure   Level
 Summon Small Mammal      Summ           0%         N/A       95%         1
 Call Imp                 Summ           0%         N/A       98%         2
 Call Canine Familiar     Summ           0%         N/A       100%        3
 Summon Guardian Golem    Hex/Summ       0%         N/A       100%        3
 Summon Ice Beast         Ice/Summ       0%         N/A       100%        4
 Summon Lightning Spire   Summ/Air       0%         N/A       100%        4


Dungeon Overview and Level Annotations

Branches:
Dungeon (6/15)             Temple (0/1) D:6

Altars:

Shops:
D:2 :   D:4 (

Annotations:
D:5 3 runed translucent doors, jvsr's ghost, novice GrEE


Innate Abilities, Weirdness & Mutations

You have large cloven feet.
You are mostly covered in icy blue scales. (AC +3)


Message History

The boulder beetle is lightly wounded.
The boulder beetle struggles against the net.
The boulder beetle leaps!
Aiming: Polymorph
Press: ? - help, Shift-Dir - straight line, f/p - boulder beetle
Aim: a boulder beetle (lightly wounded, will become a cyclops, an ice dragon, or a redback, chance to affect: 28%)
Okay, then.
A red film seems to cover your vision as you go berserk!
You feel yourself moving faster!
You feel mighty!
You feel a strong urge to attack something.
The boulder beetle bites you but does no damage.
You slash the boulder beetle!
You kick the boulder beetle, but do no damage.
The boulder beetle is moderately wounded.
You block the boulder beetle's attack.
You completely miss the boulder beetle. You kick the boulder beetle.
The boulder beetle is moderately wounded.
The boulder beetle leaps!
You feel a strong urge to attack something.
You are no longer berserk.
You are exhausted.
You feel yourself slow down. The boulder beetle bites you.
You slash the boulder beetle!
The boulder beetle is heavily wounded.
The boulder beetle bites you.
* * * LOW HITPOINT WARNING * * *
The boulder beetle bites you but does no damage.
You hit the boulder beetle.
You kick the boulder beetle, but do no damage.
The boulder beetle is heavily wounded.
The boulder beetle bites you.
* * * LOW HITPOINT WARNING * * *
You block the boulder beetle's attack.
You hit the boulder beetle but do no damage.
Your kick misses the boulder beetle.
The boulder beetle is heavily wounded.
The boulder beetle bites you!
* * * LOW HITPOINT WARNING * * *
The boulder beetle bites you.
You die...

######### ###
#.......# ..#
#.......### ..#
#...>...'.# ..#
#.......#.###..#
#.......#..@B..#
####'########.##
#.....# ...
#.....# ####
#.....# #.....#
#######'#####
............#
######......#


You could see a boulder beetle.

Vanquished Creatures
  Sigmund (D:2)
  Eustachio (D:4)
  A wyvern (D:5)
  Edmund (D:4)
  A sky beast (D:5)
  A necrophage (D:3)
  2 ogres
  2 hounds (D:5)
  3 orc priests
  Ijyb (D:3)
  3 iguanas
  4 orc wizards
  10 gnolls
  3 adders
  A shadow imp (D:5)
  3 worms
  3 dart slugs
  16 orcs
  2 ball pythons
  3 endoplasms
  A giant cockroach (D:1)
  3 goblins
  2 hobgoblins
  11 jackals
  4 quokkas
  6 bats
  A frilled lizard (D:3)
  9 kobolds
  5 rats
104 creatures vanquished.

Notes
Turn   | Place    | Note
-------+----------+-------------------------------------------
     0 | D:1      | Ijustatesigmund the Demonspawn Fighter began the quest for
                  | the Orb.
     0 | D:1      | Reached XP level 1. HP: 18/18 MP: 1/1
   216 | D:1      | Reached skill level 2 in Axes
   424 | D:1      | Gained mutation: You are partially covered in icy blue
                  | scales. (AC +2) [demonic ancestry]
   424 | D:1      | Reached XP level 2. HP: 24/24 MP: 2/2
   909 | D:1      | Gained mutation: You are mostly covered in icy blue scales.
                  | (AC +3) [demonic ancestry]
   909 | D:1      | Reached XP level 3. HP: 18/29 MP: 3/3
  1129 | D:2      | Reached skill level 3 in Axes
  1129 | D:2      | Reached skill level 1 in Dodging
  1349 | D:2      | You fall into a shaft and drop 2 floors!
  1385 | D:4      | Reached XP level 4. HP: 12/37 MP: 4/4
  1568 | D:4      | Reached XP level 5. HP: 2/42 MP: 5/5
  2043 | D:3      | Noticed a necrophage
  2058 | D:3      | Killed a necrophage
  2059 | D:3      | Reached skill level 4 in Axes
  2059 | D:3      | Gained mutation: You have large cloven feet. [demonic
                  | ancestry]
  2059 | D:3      | Reached XP level 6. HP: 38/49 MP: 6/6
  2295 | D:2      | Noticed Sigmund
  2300 | D:2      | Killed Sigmund
  2301 | D:2      | Reached skill level 5 in Axes
  2358 | D:2      | Found Qeilefra's Book Boutique.
  2913 | D:3      | Reached XP level 7. HP: 55/55 MP: 7/7
  3030 | D:3      | Noticed Ijyb
  3043 | D:3      | Killed Ijyb
  3274 | D:4      | Noticed Edmund
  3289 | D:4      | Killed Edmund
  3290 | D:4      | Reached skill level 5 in Fighting
  3443 | D:4      | Noticed Eustachio
  3467 | D:4      | Killed Eustachio
  3468 | D:4      | Reached skill level 6 in Axes
  3642 | D:4      | Found Baggye's Weapon Emporium.
  3921 | D:5      | Entered Level 5 of the Dungeon
  3938 | D:5      | Noticed a wyvern
  3946 | D:5      | Killed a wyvern
  3947 | D:5      | Reached XP level 8. HP: 36/64 MP: 8/8
  4441 | D:5      | Found a runed translucent gate.
  4441 | D:5      | Found a runed translucent gate.
  4441 | D:5      | Found a runed translucent gate.
  4442 | D:5      | Noticed jvsr's ghost (novice GrEE)
  4509 | D:5      | Reached skill level 7 in Axes
  4525 | D:5      | Reached skill level 5 in Armour
  5009 | D:6      | Found a staircase to the Ecumenical Temple.
  5025 | D:6      | Noticed a boulder beetle
  5047 | D:6      | HP: 3/64 [boulder beetle (13)]
  5047 | D:6      | Slain by a boulder beetle

Illustrated notes

Levels and vault maps discovered:
D:1:      minmay_arrival_radiant_lines, layout_basic
D:2:      layout_rooms, serial_shops, shop, uniq_sigmund
D:3:      layout_basic, hangedman_decor_points, st_stairs_6,
          kennysheep_generic_room_9, uniq_ijyb
D:4:      layout_rooms, serial_shops, shop, st_stairs_14, minmay_circle_x,
          uniq_edmund, uniq_eustachio
D:5:      layout_basic, gammafunk_ghost_nasty_kobolds, grunt_decor_cap
D:6:      layout_basic, temple_green, serial_bayou_crossing

Skill      XL: |  1  2  3  4  5  6  7  8 |
---------------+-------------------------+-----
Axes           | 2 3 4 5 6 7 |  7.1
Dodging        | 1 |  1.7
Fighting       | 4 5 6 |  6.1
Armour         | 3 4 5 |  5.0
Shields        | |  2.6

Action                   |  1- 3 |  4- 6 |  7- 9 || total
-------------------------+-------+-------+-------++-------
Melee: War axe           |    53 |    74 |   132 ||   259
       Kick              |       |    11 |    61 ||    72
Throw: Throwing net      |       |       |     2 ||     2
Evoke: Wand              |       |       |     4 ||     4
  Use: Potion            |     1 |     2 |     1 ||     4
       Scroll            |       |     6 |     9 ||    15
 Stab: Invisible         |       |     1 |       ||     1
Armor: Scale mail        |    18 |       |       ||    18
       Fire dragon scale |    11 |    42 |    89 ||   142
Dodge: Dodged            |    12 |    25 |    37 ||    74
Block: Kite shield       |    33 |    34 |    74 ||   141

Table legend: (Time is in decaauts)
 A = Elapsed time spent in this place.
 B = Non-inter-level travel time spent in this place.
 C = Inter-level travel time spent in this place.
 D = Time resting spent in this place.
 E = Time spent auto-exploring this place.
 F = Levels seen in this place.
 G = Mean time per level.
                   A        B        C        D        E       F      G
               +--------+--------+--------+--------+--------+-----+--------+
         Total |   5179 |   5012 |    167 |    721 |   3415 |   6 |  863.2 |
       Dungeon |   5179 |   5012 |    167 |    721 |   3415 |   6 |  863.2 |
               +--------+--------+--------+--------+--------+-----+--------+

Top non-repeatable levels by time:
     D:4: 1266 daAuts
     D:5: 1087 daAuts
     D:1: 1070 daAuts
     D:3: 1069 daAuts
     D:2: 624 daAuts
     D:6: 61 daAuts
